PCL
LAS VEGAS STARS @ DISTRICT 9 PRAWNS
08/25/2026
 
TOP OF THE 1ST
Las Vegas Stars batting - Pitching for District 9 Prawns : RHP Jeff Townsend
Pitching: RHP Jeff Townsend
Batting: RHB Douglas Davis 0-0: Ball
1-0: Fly out, F8 (Flyball, 89XD)
Batting: RHB Brendan Vigors 0-0: Ball
Single, Error in OF, E9, batter to second base
Batting: RHB Kyle Bacon 0-0: Ground out 6-3 (Groundball, 6)
Batting: LHB Eliot Helen 0-0: Ball
1-0: Foul Ball, location: 2F
1-1: Ball
2-1: Foul Ball, location: 2F
2-2: SINGLE (Groundball, 34D)
Brendan Vigors to third
Runner from 3rd tries for Home, SAFE, no throw or cutoff
Batting: RHB Reginaldo Jaconelli 0-0: Ball
1-0: Ground out 5-3 (Groundball, 5S)
Top of the 1st over - 1 run(s), 2 hit(s), 1 error(s), 1 left on base; Las Vegas 1 - District 9 0
BOTTOM OF THE 1ST
District 9 Prawns batting - Pitching for Las Vegas Stars : RHP Dema Mitenkov
Pitching: RHP Dema Mitenkov
Batting: RHB Félix Sánchez 0-0: Foul Ball, location: 2F
0-1: Fly out, F8 (Flyball, 89D)
Batting: SHB Mark Pope 0-0: Ball
1-0: Called Strike
1-1: Foul Ball, location: 2F
1-2: Ball
2-2: Ball
3-2: Foul Ball, location: 2F
3-2: Base on Balls
Batting: LHB Leonard Harvey 0-0: Ball
1-0: Called Strike
1-1: Swinging Strike
1-2: Ball
2-2: SINGLE (Line Drive, 8LS)
Mark Pope to second
Batting: RHB Jesús Cruz 0-0: Ball
1-0: Foul Ball, location: 2F
1-1: Called Strike
1-2: Fly out, F6 (Popup, 4M)
Batting: RHB Lateef Makini 0-0: Ball
1-0: Ball
2-0: Called Strike
2-1: Ball
3-1: Swinging Strike
3-2: Base on Balls
Mark Pope to third
Leonard Harvey to second
Batting: LHB Leonard Young 0-0: Ball
1-0: SINGLE (Groundball, 34)
Mark Pope scores
Leonard Harvey to third
Lateef Makini to second
Runner from 3rd tries for Home, SAFE, no throw or cutoff
Batting: LHB Ralph Schultz 0-0: Swinging Strike
0-1: Foul Ball, location: 2F
0-2: Fly out, F9 (Popup, 4D)
Bottom of the 1st over - 2 run(s), 2 hit(s), 0 error(s), 2 left on base; Las Vegas 1 - District 9 2
TOP OF THE 2ND
Las Vegas Stars batting - Pitching for District 9 Prawns : RHP Jeff Townsend
Batting: LHB Fernando De La Cruz 0-0: Called Strike
0-1: Ball
1-1: Ball
2-1: Ball
3-1: Fly out, F8 (Flyball, 8LXD)
Batting: RHB José Zúñiga 0-0: Foul Ball, location: 2F
0-1: Ball
1-1: Ball
2-1: Ball
3-1: Foul Ball, location: 2F
3-2: Strikes out swinging
Batting: SHB Sloan James 0-0: Ball
1-0: Fly out, F7 (Line Drive, 78D)
Top of the 2nd over - 0 run(s), 0 hit(s), 0 error(s), 0 left on base; Las Vegas 1 - District 9 2
BOTTOM OF THE 2ND
District 9 Prawns batting - Pitching for Las Vegas Stars : RHP Dema Mitenkov
Batting: RHB Lúcio García 0-0: Ball
1-0: Ball
2-0: Ball
3-0: Base on Balls
Batting: RHB Tony Guzmán 0-0: Ball
1-0: Called Strike
1-1: Ball
2-1: Fly out, F2 (Popup, 2RF)
Batting: RHB Félix Sánchez 0-0: Called Strike
0-1: Ball
1-1: Ball
2-1: Ball
3-1: Base on Balls
Lúcio García to second
Batting: SHB Mark Pope 0-0: Ball
1-0: Ball
2-0: Called Strike
2-1: Foul Ball, location: 2F
2-2: Strikes out looking
Batting: LHB Leonard Harvey 0-0: Ground out 4-3 (Groundball, 4)
Bottom of the 2nd over - 0 run(s), 0 hit(s), 0 error(s), 2 left on base; Las Vegas 1 - District 9 2
TOP OF THE 3RD
Las Vegas Stars batting - Pitching for District 9 Prawns : RHP Jeff Townsend
Batting: RHB Ryan Campbell 0-0: Called Strike
0-1: Ball
1-1: Called Strike
1-2: SINGLE (Line Drive, 8LS)
Batting: RHB Douglas Davis 0-0: Fly out, F4 (Line Drive, 4M)
Batting: RHB Brendan Vigors 0-0: Ball
1-0: Called Strike
1-1: Called Strike
1-2: Grounds into double play, 6-4-3 (Groundball, 6M)
Top of the 3rd over - 0 run(s), 1 hit(s), 0 error(s), 0 left on base; Las Vegas 1 - District 9 2
BOTTOM OF THE 3RD
District 9 Prawns batting - Pitching for Las Vegas Stars : RHP Dema Mitenkov
Batting: RHB Jesús Cruz 0-0: Ball
1-0: Swinging Strike
1-1: Ground out 6-3 (Groundball, 6M)
Batting: RHB Lateef Makini 0-0: DOUBLE (Line Drive, 3)
Batting: LHB Leonard Young 0-0: SINGLE (Flyball, 7LS)
Lateef Makini to third
Runner from 3rd tries for Home, SAFE, no throw or cutoff
Batting: LHB Ralph Schultz 0-0: Ball
1-0: Called Strike
1-1: Called Strike
1-2: Fly out, F8 (Flyball, 8RD)
Batting: RHB Lúcio García 0-0: Ball
Leonard Young is caught stealing 2nd base
Bottom of the 3rd over - 1 run(s), 2 hit(s), 0 error(s), 0 left on base; Las Vegas 1 - District 9 3
TOP OF THE 4TH
Las Vegas Stars batting - Pitching for District 9 Prawns : RHP Jeff Townsend
Batting: RHB Kyle Bacon 0-0: Called Strike
0-1: Foul Ball, location: 2F
0-2: Ball
1-2: Ground out 6-3 (Groundball, 6M)
Batting: LHB Eliot Helen 0-0: Ball
1-0: Fly out, F8 (Flyball, 78D)
Batting: RHB Reginaldo Jaconelli 0-0: Ball
1-0: Swinging Strike
1-1: Swinging Strike
1-2: Strikes out looking
Top of the 4th over - 0 run(s), 0 hit(s), 0 error(s), 0 left on base; Las Vegas 1 - District 9 3
BOTTOM OF THE 4TH
District 9 Prawns batting - Pitching for Las Vegas Stars : RHP Dema Mitenkov
Batting: RHB Lúcio García 0-0: Called Strike
0-1: Ball
1-1: Ball
2-1: Ground out 5-3 (Groundball, 56)
Batting: RHB Tony Guzmán 0-0: Ball
1-0: Ball
2-0: Ball
3-0: Called Strike
3-1: Base on Balls
Batting: RHB Félix Sánchez 0-0: Ball
1-0: Called Strike
1-1: Ball
2-1: Ball
3-1: Foul Ball, location: 2F
3-2: Foul Ball, location: 2F
3-2: Fielders Choice at 2nd, 4-6 (Groundball, 4)
Batting: SHB Mark Pope 0-0: Ball
1-0: Ball
2-0: Ground out 5-3 (Groundball, 56)
Bottom of the 4th over - 0 run(s), 0 hit(s), 0 error(s), 1 left on base; Las Vegas 1 - District 9 3
TOP OF THE 5TH
Las Vegas Stars batting - Pitching for District 9 Prawns : RHP Jeff Townsend
Batting: LHB Fernando De La Cruz 0-0: Called Strike
0-1: Foul Ball, location: 2F
0-2: Ball
1-2: Ball
2-2: Ball
3-2: Fly out, F9 (Flyball, 89D)
Batting: RHB José Zúñiga 0-0: SINGLE (Groundball, 34)
Batting: SHB Sloan James 0-0: Ball
1-0: Called Strike
1-1: Called Strike
1-2: Strikes out swinging
Batting: RHB Ryan Campbell 0-0: Ball
1-0: Called Strike
1-1: Fly out, F9 (Flyball, 89M)
Top of the 5th over - 0 run(s), 1 hit(s), 0 error(s), 1 left on base; Las Vegas 1 - District 9 3
BOTTOM OF THE 5TH
District 9 Prawns batting - Pitching for Las Vegas Stars : RHP Dema Mitenkov
Batting: LHB Leonard Harvey 0-0: Ball
1-0: SINGLE (Line Drive, 8RS)
Batting: RHB Jesús Cruz 0-0: Called Strike
0-1: Grounds into double play, 4-6-3 (Groundball, 4)
Batting: RHB Lateef Makini 0-0: Ball
1-0: Swinging Strike
1-1: Foul Ball, location: 2F
1-2: Ball
2-2: Fly out, F7 (Flyball, 78S)
Bottom of the 5th over - 0 run(s), 1 hit(s), 0 error(s), 0 left on base; Las Vegas 1 - District 9 3
TOP OF THE 6TH
Las Vegas Stars batting - Pitching for District 9 Prawns : RHP Jeff Townsend
Batting: RHB Douglas Davis 0-0: Ball
1-0: Ground out 5-3 (Groundball, 56)
Batting: RHB Brendan Vigors 0-0: Called Strike
0-1: Ground out 2-3 (Groundball, 2L)
Batting: RHB Kyle Bacon 0-0: SINGLE (Line Drive, 4D)
Batting: LHB Eliot Helen 0-0: Ball
1-0: Foul Ball, location: 2F
1-1: Ball
2-1: Called Strike
2-2: Ball
3-2: Base on Balls
Kyle Bacon to second
Batting: RHB Reginaldo Jaconelli 0-0: Ball
1-0: Ball
2-0: Ball
3-0: Base on Balls
Kyle Bacon to third
Eliot Helen to second
Pitching: RHP Emílio Cordero
Batting: LHB Fernando De La Cruz 0-0: Foul Ball, location: 2F
0-1: Ball
1-1: Called Strike
1-2: Strikes out swinging
Top of the 6th over - 0 run(s), 1 hit(s), 0 error(s), 3 left on base; Las Vegas 1 - District 9 3
BOTTOM OF THE 6TH
District 9 Prawns batting - Pitching for Las Vegas Stars : RHP Dema Mitenkov
Batting: LHB Leonard Young 0-0: Ground out 6-3 (Groundball, 4M)
Batting: LHB Ralph Schultz 0-0: Ball
1-0: Ball
2-0: Ball
3-0: Base on Balls
Batting: RHB Lúcio García Balk!
Ralph Schultz to second
0-0: Intentional Walk
Batting: RHB Tony Guzmán 0-0: Foul Ball, location: 2F
0-1: Ball
1-1: Ball
2-1: Fly out, F9 (Flyball, 9LM)
Batting: RHB Félix Sánchez 0-0: Called Strike
Balk!
Ralph Schultz to third
Lúcio García to second
0-1: Ball
1-1: Ball
2-1: Foul Ball, location: 2F
2-2: Foul Ball, location: 2F
2-2: Foul Ball, location: 2F
2-2: Fly out, F8 (Flyball, 8LS)
Bottom of the 6th over - 0 run(s), 0 hit(s), 0 error(s), 2 left on base; Las Vegas 1 - District 9 3
TOP OF THE 7TH
Las Vegas Stars batting - Pitching for District 9 Prawns : RHP Emílio Cordero
Batting: RHB José Zúñiga 0-0: Ball
1-0: Ball
2-0: Called Strike
2-1: Called Strike
2-2: Ball
3-2: DOUBLE (Line Drive, 8LM)
Batting: SHB Sloan James 0-0: Ball
1-0: Called Strike
1-1: Foul Ball, location: 2F
1-2: Foul Ball, location: 2F
1-2: Strikes out swinging
Batting: RHB Ryan Campbell 0-0: Called Strike
0-1: Ground out 5-3 (Groundball, 5)
Batting: RHB Douglas Davis 0-0: Ball
1-0: Ball
2-0: Foul Ball, location: 2F
2-1: Ground out 4-3 (Groundball, 4M)
Top of the 7th over - 0 run(s), 1 hit(s), 0 error(s), 1 left on base; Las Vegas 1 - District 9 3
BOTTOM OF THE 7TH
District 9 Prawns batting - Pitching for Las Vegas Stars : RHP Dema Mitenkov
Pitching: RHP José Gómes
Batting: SHB Mark Pope 0-0: Ball
1-0: Swinging Strike
1-1: Ball
2-1: DOUBLE (Line Drive, 3L)
Batting: LHB Leonard Harvey 0-0: Ball
1-0: Ball
2-0: Ball
3-0: Foul Ball, location: 2F
3-1: Base on Balls
Pinch Hitting: RHB Mal Snyder 0-0: Ball
1-0: Called Strike
1-1: Ball
2-1: Called Strike
2-2: Foul Ball, location: 2F
2-2: Strikes out looking
Pinch Hitting: SHB Tommy Bourassa 0-0: Ball
1-0: Foul Ball, location: 2F
1-1: Fly out, F8 (Line Drive, 78S)
Batting: LHB Leonard Young 0-0: Foul Ball, location: 2F
0-1: Swinging Strike
0-2: Ball
1-2: Ground out 1-3 (Groundball, 13S)
Bottom of the 7th over - 0 run(s), 1 hit(s), 0 error(s), 2 left on base; Las Vegas 1 - District 9 3
TOP OF THE 8TH
Las Vegas Stars batting - Pitching for District 9 Prawns : RHP Emílio Cordero
Now at 2B: Alfredo Rangel
Now in LF: Tommy Bourassa
Batting: RHB Brendan Vigors 0-0: Called Strike
0-1: Ground out 5-3 (Groundball, 15S)
Batting: RHB Kyle Bacon 0-0: Called Strike
0-1: Ball
1-1: Foul Ball, location: 2F
1-2: SOLO HOME RUN (Flyball, 9D), Distance : 393 ft
Pitching: RHP Johnathan McJannett
Batting: LHB Eliot Helen 0-0: Ball
1-0: Ball
2-0: Called Strike
2-1: Foul Ball, location: 2F
2-2: Foul Ball, location: 2F
2-2: Ball
3-2: Base on Balls
Pitching: RHP José Huerta
Batting: RHB Reginaldo Jaconelli 0-0: SINGLE (Line Drive, 4MD)
Eliot Helen to second
Batting: LHB Fernando De La Cruz 0-0: Ball
1-0: Foul Ball, location: 2F
1-1: Ball
2-1: Ball
3-1: Base on Balls
Eliot Helen to third
Reginaldo Jaconelli to second
Batting: RHB José Zúñiga 0-0: Ball
1-0: Called Strike
1-1: Foul Ball, location: 2F
1-2: Ball
2-2: SINGLE (Flyball, 7S)
Eliot Helen scores
Reginaldo Jaconelli to third
Fernando De La Cruz to second
Runner from 3rd tries for Home, throw and OUT!
Batting: SHB Sloan James 0-0: Ball
1-0: Ball
2-0: Ball
3-0: Called Strike
3-1: Called Strike
3-2: Strikes out swinging
Top of the 8th over - 2 run(s), 3 hit(s), 0 error(s), 2 left on base; Las Vegas 3 - District 9 3
BOTTOM OF THE 8TH
District 9 Prawns batting - Pitching for Las Vegas Stars : RHP José Gómes
Batting: LHB Ralph Schultz 0-0: Ball
1-0: Ball
2-0: Called Strike
2-1: Foul Ball, location: 2F
2-2: Foul Ball, location: 2F
2-2: Ground out U3 (Groundball, 3)
Batting: RHB Lúcio García 0-0: Hit by Pitch
Pinch Hitting: RHB Edgardo Carrasco 0-0: Ball
1-0: Called Strike
1-1: Called Strike
1-2: Foul Ball, location: 2F
1-2: DOUBLE (Flyball, 9LM)
Lúcio García to third
Runner from 3rd tries for Home, throw and OUT!
Edgardo Carrasco to third
Pitching: LHP Pedro Veláquez
Batting: RHB Félix Sánchez 0-0: Ball
1-0: Foul Ball, location: 2F
1-1: Ground out 4-3 (Groundball, 4)
Bottom of the 8th over - 0 run(s), 1 hit(s), 0 error(s), 1 left on base; Las Vegas 3 - District 9 3
TOP OF THE 9TH
Las Vegas Stars batting - Pitching for District 9 Prawns : RHP José Huerta
Pitching: RHP Bill McKinney
Now at 1B: Phil Jacobs
Pinch Hitting: RHB Ron Shelton 0-0: Fly out, F8 (Flyball, 78D)
Batting: RHB Douglas Davis 0-0: Fly out, F9 (Popup, 4D)
Batting: RHB Brendan Vigors 0-0: Ball
1-0: Called Strike
1-1: SINGLE (Line Drive, 8LS)
Batting: RHB Kyle Bacon 0-0: Ball
1-0: Ball
2-0: TRIPLE (Line Drive, 89M)
Brendan Vigors scores
Batting: LHB Eliot Helen 0-0: Ball
1-0: Foul Ball, location: 2F
1-1: Ball
2-1: DOUBLE (Line Drive, 5L)
Kyle Bacon scores
Batting: RHB Reginaldo Jaconelli 0-0: Called Strike
0-1: Swinging Strike
0-2: Strikes out swinging
Top of the 9th over - 2 run(s), 3 hit(s), 0 error(s), 1 left on base; Las Vegas 5 - District 9 3
BOTTOM OF THE 9TH
District 9 Prawns batting - Pitching for Las Vegas Stars : LHP Pedro Veláquez
Pitching: RHP Armando López
Now at SS: Susumu Sugiyama
Batting: SHB Mark Pope 0-0: Ball
1-0: Fly out, F8 (Flyball, 8LM)
Batting: LHB Leonard Harvey 0-0: Called Strike
0-1: Ground out 4-3 (Groundball, 4M)
Batting: RHB Alfredo Rangel 0-0: Ball
1-0: Ball
2-0: SOLO HOME RUN (Flyball, 78XD), Distance : 418 ft
Batting: SHB Tommy Bourassa 0-0: Ball
1-0: Swinging Strike
1-1: Foul Ball, location: 2F
1-2: Ball
2-2: Ground out U3 (Groundball, 3)
Bottom of the 9th over - 1 run(s), 1 hit(s), 0 error(s), 0 left on base; Las Vegas 5 - District 9 4
Monday, December 5th, 2016 - OOTP Baseball 17.12 Build 75